 Dungeon Crawl Stone Soup version 0.30-b1-2-g02819fbbbe (webtiles) character file.

Game seed: 7541686598673791858

1717916 NoMoreGames the Conqueror (level 26, 185/185 HPs)
             Began as a Spriggan Hunter on Aug 19, 2023.
             Was a High Priest of Okawaru.
             Escaped with the Orb
             ... and 3 runes on Aug 20, 2023!
             The game lasted 03:03:04 (65825 turns).

NoMoreGames the Conqueror (Spriggan Hunter)        Turns: 65825, Time: 03:03:04

Health: 185/185    AC: 22    Str:  7    XL:     26   Next: 55%
Magic:  36/36      EV: 50    Int: 14    God:    Okawaru [*****.]
Gold:   10039      SH: 12    Dex: 30    Spells: 31/39 levels left

rFire   + + .        x - +8 hand crossbow "Dasup" {drain, rN+ Dex+3}
rCold   + + .        M - +3 buckler {rC+}
rNeg    + . .        P - +4 moon troll leather armour {Spirit, Regen++ MP+5}
rPois   +            y - +3 hat "Senac" {rC+ Regen+}
rElec   .            f - +2 cloak "Nion" {Regen+}
rCorr   .            (gloves unavailable)
SInv    +            (boots unavailable)
Will    +++++        e - amulet of regeneration
Stlth   ++           X - ring "Kacuc" {rPois rF++ Will+ SInv}
HPRegen 4.50/turn    m - +4 ring of protection
MPRegen 0.25/turn

%: guardian spirit
@: studying 8 skills, very quick
A: very small, no large weapons, unfitting armour, see invisible, speed 3,
iridescent scales 1, low MP 1, mutation resistance 1, robust 1
0: Orb of Zot
}: 3/15 runes: decaying, silver, gossamer
a: Renounce Religion, Heroism, Finesse, Duel


You escaped.
You worshipped Okawaru.
Okawaru was extremely pleased with you.
You visited 10 branches of the dungeon, and saw 48 of its levels.
You also visited: Trove, Sewer, Ossuary, Ice Cave and Desolation.

You collected 12572 gold pieces.
You spent 2533 gold pieces at shops.

Inventory:

Hand Weapons
 x - the +8 hand crossbow "Dasup" (weapon) {drain, rN+ Dex+3}
   (Okawaru gifted it to you on level 3 of the Elven Halls)

   Dex:       It affects your dexterity (+3).
   rN:        It protects you from negative energy.
 K - a +7 arbalest of flaming
Armour
 f - the +2 cloak "Nion" (worn) {Regen+}
   (You acquired it on level 1 of the Spider Nest)

   Regen:     It increases your rate of health regeneration.
 n - the +4 dragonskin cloak
   (You took it off Tiamat in the Arena)

   Avatar's Aegis: It grants the wearer a chance to resist fire, cold, poison,
   electricity, acid, and negative energy.
 y - the +3 hat "Senac" (worn) {rC+ Regen+}
   (You acquired it on level 1 of the Dungeon)

   rC:        It protects you from cold.
   Regen:     It increases your rate of health regeneration.
 M - a +3 buckler of cold resistance (worn)
 P - the +4 moon troll leather armour (worn) {Spirit, Regen++ MP+5}
   (You found it in an ice cave)

   MP:        It affects your magic capacity (+5).
   Regen:     It increases your rate of health regeneration.
Jewellery
 e - an amulet of regeneration (around neck)
 m - a +4 ring of protection (right hand)
 R - a ring of flight
 W - the amulet of the Air {Inacc Air Fly rElec RMsl}
   (You took it off a deep elf elementalist on level 3 of the Elven Halls)

   [amulet of nothing]

   Inacc:     It reduces the accuracy of your attacks and spells.
   Air:       It enhances your air magic.
   rElec:     It insulates you from electricity.
   Fly:       It grants you flight.
   RMsl:      It protects you from missiles.
 X - the ring "Kacuc" (left hand) {rPois rF++ Will+ SInv}
   (You took it off a vault warden on level 5 of the Vaults)

   [ring of poison resistance]

   rF:        It greatly protects you from fire.
   rPois:     It protects you from poison.
   SInv:      It lets you see invisible.
   Will:      It increases your willpower.
Wands
 b - a wand of roots (11)
 r - a wand of flame (85)
 u - a wand of paralysis (58)
 E - a wand of polymorph (39)
 N - a wand of digging (8)
 O - a wand of acid (18)
 Q - a wand of mindburst (23)
Scrolls
 d - 13 scrolls of amnesia
 j - 2 scrolls of enchant armour
 s - 12 scrolls of vulnerability
 t - 42 scrolls of identify
 w - 19 scrolls of teleportation
 F - 4 scrolls of blinking
 G - 12 scrolls of fog
 H - 6 scrolls of silence
 J - 6 scrolls of fear
 L - 10 scrolls of poison
 V - 2 scrolls of enchant weapon
Potions
 c - 7 potions of haste
 h - 3 potions of resistance
 i - 10 potions of mutation
 k - 11 potions of magic
 l - 26 potions of curing
 o - 3 potions of might
 p - 9 potions of flight
 q - 7 potions of lignification
 v - 8 potions of brilliance
 z - 11 potions of attraction
 A - 11 potions of heal wounds
 B - 11 potions of ambrosia
 C - 5 potions of invisibility
 D - 5 potions of berserk rage
Miscellaneous
 g - a condenser vane
 I - a lightning rod (4/4)
 S - a phial of floods


   Skills:
 O Level 27 Fighting
 - Level 18.0 Ranged Weapons
 - Level 0.1 Throwing
 - Level 11.0 Armour
 + Level 26.0 Dodging
 - Level 12.0 Stealth
 - Level 10.0 Shields
 - Level 7.0 Spellcasting
 - Level 7.0 Hexes
 - Level 7.0 Translocations
 - Level 12.0 Invocations
 - Level 15.0 Evocations


You had 31 spell levels left.
You knew the following spells:

 Your Spells              Type           Power      Damage    Failure   Level
a - Apportation           Tloc           48%        N/A       1%          1
b - Blink                 Tloc           48%        N/A       2%          2
c - Portal Projectile     Hex/Tloc       48%        N/A       4%          3
d - Lesser Beckoning      Tloc           48%        N/A       2%          2

Your spell library contained the following spells:

 Spells                   Type           Power      Damage    Failure   Level
 Gell's Gravitas          Tloc           24%        N/A       4%          3
 Teleport Other           Tloc           24%        N/A       4%          3
 Ensorcelled Hibernation  Hex/Ice        28%        N/A       10%         2
 Momentum Strike          Conj/Tloc      28%        3d8       10%         2
 Cause Fear               Hex            12%        N/A       16%         4
 Manifold Assault         Tloc           24%        N/A       16%         4
 Passage of Golubria      Tloc           24%        N/A       16%         4
 Dazzling Flash           Conj/Hex       28%        N/A       19%         3
 Inner Flame              Hex/Fire       14%        N/A       19%         3
 Vhi's Electric Charge    Tloc/Air       28%        N/A       19%         3
 Volatile Blastmotes      Fire/Tloc      28%        2d12      19%         3
 Beastly Appendage        Tmut           8%         N/A       26%         1
 Magic Dart               Conj           16%        1d3       26%         1
 Necrotise                Necr           16%        1d4       26%         1
 Sting                    Tmut/Pois      16%        1d3       26%         1
 Cigotuvi's Dreadful Rot  Necr/Pois/Air  8%         N/A       38%         2
 Passwall                 Tmut/Erth      3%         N/A       38%         2
 Poisonous Vapours        Pois/Air       8%         N/A       38%         2
 Searing Ray              Conj           8%         2d4       38%         2
 Static Discharge         Conj/Air       8%         2-3/arc   38%         2
 Wereblood                Tmut           4%         N/A       38%         2
 Anguish                  Hex/Necr       7%         N/A       54%         4
 Fulminant Prism          Conj/Hex       7%         3d7       54%         4
 Iskenderun's Mystic Bla  Conj/Tloc      14%        2d5       54%         4
 Leda's Liquefaction      Hex/Erth       7%         N/A       54%         4
 Frozen Ramparts          Ice            8%         1d2       63%         3
 Hailstorm                Conj/Ice       4%         3d4       63%         3
 Ignite Poison            Fire/Tmut/Pois 4%         N/A       63%         3
 Mephitic Cloud           Conj/Pois/Air  4%         N/A       63%         3
 Ozocubu's Armour         Ice            4%         N/A       63%         3
 Swiftness                Air            4%         N/A       63%         3
 Vampiric Draining        Necr           4%         2d6       63%         3
 Metabolic Englaciation   Hex/Ice        7%         N/A       87%         5
 Yara's Violent Unravell  Hex/Tmut       7%         3d5       87%         5
 Dispersal                Tloc           12%        N/A       93%         6
 Airstrike                Air            2%         2d(1-17)  95%         4
 Dispel Undead            Necr           4%         3d7       95%         4
 Flame Wave               Conj/Fire      4%         2d5       95%         4
 Ice Form                 Ice/Tmut       4%         N/A       95%         4
 Olgreb's Toxic Radiance  Pois           4%         N/A       95%         4
 Petrify                  Tmut/Erth      4%         N/A       95%         4
 Sticky Flame             Conj/Fire      4%         2d3       95%         4
 Agony                    Necr           4%         N/A       100%        5
 Alistair's Intoxication  Tmut/Pois      2%         N/A       100%        5
 Blade Hands              Tmut           2%         N/A       100%        5
 Fireball                 Conj/Fire      2%         3d4       100%        5
 Lee's Rapid Deconstruct  Erth           2%         3d4*      100%        5
 Eringya's Noxious Bog    Tmut/Pois      2%         N/A       100%        6
 Iron Shot                Conj/Erth      2%         9d2       100%        6
 Starburst                Conj/Fire      2%         6d3       100%        6
 Statue Form              Tmut/Erth      2%         N/A       100%        6
 Dragon Form              Tmut           2%         N/A       100%        7
 Enfeeble                 Hex            12%        N/A       100%        7
 Ozocubu's Refrigeration  Ice            2%         4d7       100%        7
 Storm Form               Tmut/Air       2%         N/A       100%        7
 Discord                  Hex            12%        N/A       100%        8
 Disjunction              Tloc           12%        N/A       100%        8
 Ignition                 Fire           2%         3d3       100%        8
 Lehudib's Crystal Spear  Conj/Erth      2%         10d2      100%        8
 Maxwell's Capacitive Co  Air            2%         ∞         100%        8
 Chain Lightning          Conj/Air       2%         3d2       100%        9
 Fire Storm               Conj/Fire      2%         8d1       100%        9
 Polar Vortex             Ice            2%         N/A       100%        9
 Shatter                  Erth           2%         3d6*      100%        9
 Tukima's Dance           Hex            Unusable   N/A       N/A         3
 Call Imp                 Summ           Unusable   N/A       N/A         2
 Call Canine Familiar     Summ           Unusable   N/A       N/A         3
 Summon Forest            Summ/Tloc      Unusable   N/A       N/A         5
 Animate Armour           Summ/Erth      Unusable   N/A       N/A         4
 Animate Dead             Necr           Unusable   N/A       N/A         4
 Summon Ice Beast         Ice/Summ       Unusable   N/A       N/A         4
 Summon Lightning Spire   Summ/Air       Unusable   N/A       N/A         4
 Death Channel            Necr           Unusable   N/A       N/A         6
 Simulacrum               Ice/Necr       Unusable   N/A       N/A         6
 Monstrous Menagerie      Summ           Unusable   N/A       N/A         7
 Summon Hydra             Summ           Unusable   N/A       N/A         7
 Dragon's Call            Summ           Unusable   N/A       N/A         9

Dungeon Overview and Level Annotations

Branches:
Dungeon (15/15)            Temple (1/1) D:4            Lair (5/5) D:11
  Swamp (4/4) Lair:3       Spider (4/4) Lair:2        Slime (0/5) Lair:5
    Orc (2/2) D:11            Elf (3/3) Orc:2        Vaults (5/5) D:14
  Crypt (0/3) Vaults:3     Depths (4/4) D:15            Zot (5/5) Depths:4
  Sewer (visited)         Ossuary (visited)           IceCv (visited)
Desolation (visited)

Altars:
Dithmenos
Elyvilon
Fedhas
Gozag
Kikubaaqudgha
Nemelex Xobeh
Okawaru
Qazlal
Ru
Sif Muna
Trog
Uskayaw
Vehumet
Wu Jian
Xom
Yredelemnul
Zin
The Shining One
Jiyva

Shops:
D:5 ?   D:7 !   D:8 *   D:9 *(   D:10 :   Orc:1 (   Orc:2 (*[=   Elf:1 [
Elf:2 :   Vaults:2 :   Vaults:4 **(

Portals:
Hell: Depths:1 Depths:2 Depths:3 Depths:4
Abyss: Depths:2 Depths:3
Pandemonium: Depths:1 Depths:2 Depths:3 Depths:4
Ziggurat: Depths:3

Annotations:
D:3 1 runed translucent door, Killmatronix's ghost, amateur AtHs
D:12 3 runed translucent doors, diceflayer's ghost, journeyman DsGl
Elf:2 3 runed translucent doors
Zot:2 4 transporters
Zot:3 1 transporter


Innate Abilities, Weirdness & Mutations

You are very small and have problems with some larger weapons.
You are too small for most types of armour.
You have supernaturally acute eyesight. (SInv)
You cover ground extremely quickly. (Speed+++)
You are partially covered in iridescent scales. (AC +2)
Your magical capacity is low. (-10% MP)
You are somewhat resistant to further mutation.
You are robust. (+10% HP)


Message History

The demonspawn warmonger moves out of view.
The reaper moves out of view.
You see here a +0 whip.
There is a stone staircase leading up here.
You climb upwards.
There is a stone staircase leading down here.
Things that are here:
a +0 ring mail; a +0 falchion
There is an open door here.
There is a stone staircase leading up here.
You climb upwards.
There is a stone staircase leading down here.
Things that are here:
a +0 leather armour; a +0 hand axe
There is a stone staircase leading up here.
You climb upwards.
There is a stone staircase leading down here.
There is an escape hatch in the ceiling here.
A mysterious force pulls you upwards. The hatch slams shut behind you.
Things that are here:
a +0 leather armour; a +0 war axe
There is a stone staircase leading up here.
You climb upwards.
There is a stone staircase leading down here.
There is an escape hatch in the ceiling here.
A mysterious force pulls you upwards. The hatch slams shut behind you.
There is a stone staircase leading up here.
You climb upwards.
Level annotation: 1 runed translucent door, Killmatronix's ghost, amateur AtHs
There is a stone staircase leading down here.
There is a stone staircase leading up here.
You climb upwards.
There is a stone staircase leading down here.
There is a stone staircase leading up here.
You climb upwards.
There is a stone staircase leading down here.
You open the door.
There is an open door here.
There is a staircase leading out of the dungeon here.
You have escaped!

#####.##..#..##.#.##..#.......###
#.##.###.#8.#.8#.###.##.#.###
#....###.##.#.##.###.##(#...#
##.#..#..#8.#.8#..#..##......
#.#.....##.#.##.............
#.#######8...8######........
#.##8#8#8#...#8#8#8#..(....#
#.##...............#......##
#..+.###...@...###.'......#
####..............(#......#
#8#8#8#...#8#8#8##...#.##
#######8...8########..#...
#.....##.#.##.....##..####
###..#..#8.#.8#..#..##..####
#...###.##.#.##.###.##..#... #
#.#.###.#8.#.8#.###.......## #
#.#..#..##.#.##..#..##..###


There were no monsters in sight!

Vanquished Creatures
  Tiamat (Arena)
  2 orbs of fire
  A dread lich (Vaults:5)
  5 ancient liches
  Mara (Vaults:3)
  4 Killer Klowns
  Bai Suzhen (Vaults:2)
  Margery (Vaults:4)
  4 curse toes
  A caustic shrike (Depths:2)
  10 golden dragons
  Arachne (Spider:4)
  Jory (Vaults:4)
  A Tzitzimitl (Zot:1)
  2 electric golems
  Jorgrun (D:12)
  20 tentacled monstrosities
  Rupert (D:13)
  2 deep elf blademasters (Elf:3)
  22 Orb Guardians
  8 liches
  An Ice Fiend (IceCv)
  4 titans (Vaults:5)
  2 deep elf master archers (Elf:3)
  A walking frostbound tome (Depths:2)
  7 death cobs
  5 quicksilver dragons
  A walking divine tome (Depths:2)
  3 sphinxes
  Kirke (D:15)
  15 storm dragons
  16 tengu reavers
  A thorn hunter (Swamp:3)
  6 shadow dragons
  11 draconian monks
  Agnes (D:15)
  A revenant (Vaults:3)
  A fenstrider witch (Swamp:2)
  9 draconian knights
  Donald (Swamp:1)
  6 fire giants
  A balrug (Depths:3)
  An iron dragon (Depths:2)
  7 frost giants
  8 emperor scorpions
  An imperial myrmidon (Desolation)
  6 deep elf sorcerers
  A caustic shrike zombie (D:15)
  8 draconian shifters
  11 ghost moths
  19 vault wardens
  9 draconian stormcallers
  11 draconian scorchers
  6 broodmothers
  33 ironbound preservers
  2 orc warlords
  10 draconian annihilators
  2 ghouls
  9 ironbound thunderhulks
  3 deep elf elementalists (Elf:3)
  A spriggan defender (Depths:4)
  2 war gargoyles (Vaults:5)
  24 stone giants
  22 very ugly things
  A quicksilver ooze (shapeshifter) (Elf:3)
  A vampire knight (Depths:1)
  9 deep elf demonologists
  4 eleionomae
  10 green draconians
  8 black draconians
  A halazid warlock (Desolation)
  6 dire elephants
  8 deep elf annihilators
  12 yellow draconians
  3 bunyips
  A spark wasp (shapeshifter) (Depths:2)
  15 purple draconians
  22 spark wasps
  32 red draconians
  6 deep elf death magi
  15 ettins
  11 white draconians
  2 green deaths (Swamp:4)
  A blizzard demon (Depths:2)
  A jiangshi (Vaults:2)
  Josephine (D:13)
  A crystal guardian (Desolation)
  7 fire dragons
  19 yaktaur captains
  3 entropy weavers
  11 deep elf high priests
  7 servants of whispers (Desolation)
  40 vault guards
  6 ragged hierophants (Desolation)
  7 great orbs of eyes
  5 ice dragons
  9 peacekeepers
  14 hydras
  A rakshasa (Depths:1)
  A catoblepas (D:14)
  2 ghost crabs
  An ogre mage (Vaults:5)
  4 spriggan air magi
  A radroach (Spider:1)
  13 ironbound frosthearts
  10 boulder beetles
  3 jorogumos
  13 centaur warriors
  2 death knights
  18 dancing weapons
  8 two-headed ogres
  12 alligators
  8 vampire magi
  2 tengu warriors
  A soul eater (Depths:3)
  14 death yaks
  4 deep troll shamans
  6 deep troll earth magi
  2 orc high priests
  A shock serpent (shapeshifter) (Depths:2)
  6 spriggan berserkers
  15 deep elf knights
  Nergalle (Lair:1)
  5 hell knights
  Sonja (D:12)
  9 iron trolls
  5 pharaoh ants
  3 sun moths (Spider:4)
  Lodul (D:12)
  3 skeletal warriors
  8 goliath frogs
  2 skysharks (Lair:5)
  Amaemon (D:9)
  A flayed ghost (Depths:2)
  12 orb spiders
  A swamp dragon (shapeshifter) (Depths:4)
  10 bog bodies
  2 glowing orange brains
  76 deep trolls
  14 deep elf archers
  12 wizards
  6 phantasmal warriors
  4 steelbarb worms
  23 deep elf zephyrmancers
  8 swamp dragons (Swamp:4)
  6 spriggan simulacra (IceCv)
  An obsidian statue (IceCv)
  5 lindwurms
  5 orc knights
  20 ironbound convokers
  5 harpies (Vaults:3)
  43 deep elf pyromancers
  8 necromancers
  21 wolf spiders
  A manticore (D:15)
  2 stone giant zombies
  12 orc sorcerers
  A fire giant zombie (D:15)
  A will-o-the-wisp (Swamp:1)
  6 cyclopes
  38 ugly things
  A human zombie (Vaults:2)
  An elephant (shapeshifter) (Vaults:5)
  A salamander (Depths:4)
  A frost giant zombie (D:15)
  23 moths of wrath
  A rust devil (Depths:3)
  43 slime creatures
  17 vault sentinels
  5 black mambas
  Maurice (D:11)
  5 guardian serpents (Desolation)
  3 elephants (Lair:1)
  A black mamba (shapeshifter) (Vaults:2)
  An eye of devastation (shapeshifter) (Vaults:5)
  2 smoke demons (Depths:3)
  2 gargoyles
  11 demonic crawlers
  7 torpor snails
  A rime drake (Lair:1)
  2 yaktaurs (shapeshifter) (Vaults:5)
  5 orange demons
  16 cane toads
  An elf skeleton (Vaults:2)
  2 efreet
  4 anaconda simulacra (IceCv)
  5 kobold demonologists
  19 yaktaurs
  7 freezing wraiths
  A komodo dragon (shapeshifter) (Elf:3)
  A spark wasp simulacrum (Depths:1)
  5 komodo dragons
  4 tengu conjurers
  2 red devils
  12 ice devils (IceCv)
  6 meliai
  A golden dragon simulacrum (IceCv)
  14 hornets
  A polar bear (Lair:4)
  8 trolls
  An ettin zombie (Depths:1)
  A hellwing (Depths:3)
  Grinder (D:3)
  19 tyrant leeches
  53 saltlings (Desolation)
  3 large abominations (Swamp:4)
  22 tarantellas
  20 blink frogs
  18 culicivoras
  9 wraiths
  22 jumping spiders
  A dire elephant simulacrum (IceCv)
  5 spriggans
  An ettin skeleton (Vaults:2)
  A vampire (D:14)
  A wyvern (Lair:3)
  4 water elementals
  61 yaks
  7 air elementals
  4 humans (D:15)
  4 shadows
  Eustachio (D:6)
  2 basilisks
  2 hogs (D:15)
  37 redbacks
  19 fire elementals
  A neqoxec (Depths:3)
  A steam dragon (D:8)
  Grum (D:8)
  26 vampire mosquitoes
  9 minotaur simulacra (IceCv)
  2 wargs (Orc:2)
  10 swamp worms
  2 harpy simulacra (IceCv)
  Duvessa (D:6)
  A hydra simulacrum (IceCv)
  13 water moccasins
  2 floating eyes
  A black bear (shapeshifter) (Vaults:5)
  An alligator simulacrum (IceCv)
  4 ice beasts
  30 orc warriors
  2 swamp drakes (Swamp:1)
  4 black bears
  A sky beast (D:6)
  16 wolves
  8 boggarts (D:14)
  18 ogres
  17 centaurs
  A phantom (D:5)
  9 kobold brigands
  3 elf zombies (Ossuary)
  20 bullfrogs
  2 necrophages (Swamp:4)
  An earth elemental (Elf:2)
  4 gnoll sergeants
  9 scorpions
  6 deep troll simulacra (IceCv)
  4 wights (D:8)
  Dowan (D:6)
  14 killer bees (D:9)
  A lindwurm simulacrum (IceCv)
  10 howler monkeys
  7 electric eels
  A lava snake (D:7)
  A crimson imp (D:6)
  18 orc priests
  14 hounds
  A human simulacrum (Vaults:2)
  3 jellies
  2 gnoll boudas
  4 sleepcaps
  2 iguanas
  Ijyb (D:3)
  18 orc wizards
  2 mummies (Ossuary)
  9 adders
  22 gnolls
  2 shadow imps
  3 white imps
  3 adder zombies (Ossuary)
  A worm (D:2)
  3 dart slugs
  87 orcs
  14 endoplasms
  11 giant cockroaches
  4 goblins
  6 hobgoblins
  6 jackals
  28 kobolds
  11 quokkas
  19 ball pythons
  2 bats (D:1)
  11 frilled lizards
  A goblin zombie (Ossuary)
  8 hobgoblin zombies (Ossuary)
  2 jackal zombies (Ossuary)
  11 kobold zombies (Ossuary)
  7 orc zombies (Ossuary)
  10 rats
  2 rat zombies (Ossuary)
2385 creatures vanquished.

Vanquished Creatures (others)
  A storm dragon (Zot:3)
  2 draconian knights
  A draconian shifter (Zot:1)
  A red draconian (Zot:4)
  A white draconian (Depths:4)
  A vault guard (Vaults:5)
  An alligator (Swamp:4)
  A demonic crawler (Spider:4)
  A redback (Spider:2)
  An orc wizard (Orc:2)
  An orc (Orc:1)
  59 fungi
  84 plants
  6 withered plants (D:15)
161 creatures vanquished.

Grand Total: 2546 creatures vanquished

Notes
Turn   | Place    | Note
-------+----------+-------------------------------------------
     0 | D:1      | NoMoreGames the Spriggan Hunter began the quest for the
                  | Orb.
     0 | D:1      | Reached XP level 1. HP: 10/10 MP: 2/2
   175 | D:1      | Reached XP level 2. HP: 15/15 MP: 3/3
   470 | D:1      | Reached skill level 2 in Fighting
   804 | D:1      | Identified a scroll of acquirement
   804 | D:1      | Acquired the +3 hat "Senac" {rC+ Regen+}
   900 | D:2      | Reached XP level 3. HP: 18/18 MP: 4/4
  1614 | D:2      | Reached XP level 4. HP: 23/23 MP: 5/5
  1683 | D:3      | Noticed Ijyb
  1704 | D:3      | Killed Ijyb
  1759 | D:3      | Found a faded altar of an unknown god.
  1855 | D:3      | Noticed Killmatronix's ghost (amateur AtHs)
  1858 | D:3      | Found a runed translucent door.
  1896 | D:3      | Reached skill level 5 in Ranged Weapons
  1896 | D:3      | Noticed Grinder
  1908 | D:3      | Killed Grinder
  1909 | D:3      | Reached skill level 5 in Stealth
  1909 | D:3      | Reached XP level 5. HP: 27/27 MP: 6/6
  1909 | D:3      | Reached XP level 6. HP: 32/32 MP: 7/7
  2377 | D:4      | Identified the ring "Vyomuocs" {rC+ MP+9}
  2620 | D:4      | Found a staircase to the Ecumenical Temple.
  2627 | Temple   | Entered the Ecumenical Temple
  2647 | Temple   | Became a worshipper of Warmaster Okawaru
  2814 | D:4      | Reached skill level 3 in Fighting
  2869 | D:4      | Found a glowing golden altar of the Shining One.
  2931 | D:4      | Found a white marble altar of Elyvilon.
  2964 | D:5      | Entered Level 5 of the Dungeon
  3010 | D:5      | Reached XP level 7. HP: 34/36 MP: 8/8
  3126 | D:5      | Reached skill level 5 in Dodging
  3265 | D:5      | Reached * piety under Okawaru
  3369 | D:5      | Reached skill level 1 in Invocations
  3982 | D:5      | Reached skill level 5 in Evocations
  3983 | D:5      | Reached XP level 8. HP: 42/42 MP: 10/10
  4032 | D:5      | You fall into a shaft and drop 1 floor!
  4084 | D:6      | Reached skill level 4 in Fighting
  4126 | D:6      | Noticed Duvessa
  4127 | D:6      | Noticed Dowan
  4153 | D:6      | Noticed Eustachio
  4160 | D:6      | Found a glowing silver altar of Zin.
  4162 | D:6      | Found a shimmering blue altar of Sif Muna.
  4181 | D:6      | Found a glowing drain.
  4190 | Sewer    | Entered a sewer
  4390 | Sewer    | Reached ** piety under Okawaru
  4416 | Sewer    | Learned a level 1 spell: Apportation
  4496 | D:6      | Reached skill level 1 in Translocations
  4564 | D:6      | Killed Dowan
  4598 | D:6      | Killed Duvessa
  4608 | D:6      | Reached skill level 5 in Fighting
  4714 | D:5      | Reached XP level 9. HP: 47/47 MP: 13/13
  4730 | D:5      | Found The Oracle's Delphic Readings.
  4734 | D:5      | Bought 2 scrolls of identify for 44 gold pieces
  4863 | D:6      | Reached *** piety under Okawaru
  4899 | D:6      | Reached skill level 5 in Invocations
  5021 | D:6      | Reached skill level 6 in Fighting
  5410 | D:6      | Killed Eustachio
  5443 | D:6      | Reached skill level 7 in Fighting
  5804 | D:7      | Reached **** piety under Okawaru
  5919 | D:7      | Found Cicatt's Distillery.
  6541 | D:8      | Found a sand-covered staircase.
  6553 | Ossuary  | Entered an ossuary
  6783 | Ossuary  | Reached XP level 10. HP: 55/55 MP: 14/14
  7426 | D:8      | Reached ***** piety under Okawaru
  7428 | D:8      | Noticed a gargoyle
  7433 | D:8      | Killed a gargoyle
  7482 | D:8      | Noticed Grum
  7491 | D:8      | Killed Grum
  7723 | D:8      | Found Tiypp's Assorted Antiques.
  7731 | D:8      | Bought a clear potion for 27 gold pieces
  7731 | D:8      | Bought a long lead wand for 124 gold pieces
  7731 | D:8      | Bought a scroll of identify for 62 gold pieces
  7742 | D:8      | Reached skill level 8 in Fighting
  7852 | D:9      | Noticed a +4 bardiche
  7853 | D:9      | Found Deheun's Weapon Shop.
  7854 | D:9      | Noticed a +0 lajatang
  8131 | D:9      | Found Vifa's Lightly-Used Armoury.
  8177 | D:9      | Noticed an orange demon
  8180 | D:9      | Noticed Amaemon
  8195 | D:9      | Killed Amaemon
  8213 | D:9      | Killed an orange demon
  8284 | D:9      | Reached skill level 10 in Stealth
  8368 | D:9      | Found a sparkling altar of Nemelex Xobeh.
  8369 | D:9      | Found an opulent altar of Gozag.
  8375 | D:9      | Reached XP level 11. HP: 60/60 MP: 15/15
  8395 | D:9      | Found a shimmering altar of Xom.
  8396 | D:9      | Found a shadowy altar of Dithmenos.
  8818 | D:9      | Found a hide-covered altar of Uskayaw.
  8907 | D:10     | Entered Level 10 of the Dungeon
  9292 | D:9      | Reached ****** piety under Okawaru
  9603 | D:10     | Found Loboisiz's Book Shoppe.
  9877 | D:10     | Noticed a two-headed ogre
  9932 | D:10     | Killed a two-headed ogre
  9982 | D:10     | Noticed a two-headed ogre
 10001 | D:10     | Killed a two-headed ogre
 10001 | D:10     | Received a gift from Okawaru
 10002 | D:10     | Reached skill level 9 in Fighting
 10002 | D:10     | Reached skill level 10 in Dodging
 10309 | D:10     | Reached skill level 10 in Ranged Weapons
 10527 | D:11     | Found a portal to a secret trove of treasure.
 10714 | D:11     | Found a staircase to the Lair.
 10751 | D:11     | Reached skill level 10 in Fighting
 10811 | D:11     | Noticed Maurice
 10827 | D:11     | Killed Maurice
 10828 | D:11     | Found a staircase to the Orcish Mines.
 11004 | D:11     | Received a gift from Okawaru
 11088 | D:11     | Noticed a two-headed ogre
 11102 | D:11     | Killed a two-headed ogre
 11103 | D:11     | Reached skill level 1 in Armour
 11317 | Lair:1   | Entered Level 1 of the Lair of Beasts
 11416 | Lair:1   | Reached XP level 12. HP: 67/67 MP: 17/17
 11691 | Lair:1   | Noticed Nergalle
 11714 | Lair:1   | Killed Nergalle
 11798 | Lair:1   | Found a bloodstained altar of Trog.
 11851 | Lair:1   | Noticed a boulder beetle
 11888 | Lair:1   | Killed a boulder beetle
 11935 | Lair:1   | Noticed a death yak
 11944 | Lair:1   | Noticed a death yak
 11947 | Lair:1   | Received a gift from Okawaru
 11947 | Lair:1   | Noticed a death yak
 12047 | Lair:1   | Killed a death yak
 12085 | Lair:1   | Killed a death yak
 12299 | Lair:1   | Noticed a death yak
 12385 | Lair:1   | Killed a death yak
 12598 | Lair:1   | Killed a death yak
 12736 | Lair:1   | Identified the +1 robe of Beyond {-Cast Rampage +Inv rF++}
                  | (Okawaru gifted it to you on level 1 of the Lair of Beasts)
 12736 | Lair:1   | Received a gift from Okawaru
 13127 | Lair:2   | Reached XP level 13. HP: 68/73 MP: 19/19
 13168 | Lair:2   | You fall into a shaft and drop 2 floors!
 13667 | Lair:2   | Identified the +2 leather armour "Feest" {Regen+ Str-2
                  | Stlth+}
 13670 | Lair:2   | Found a hole to the Spider Nest.
 14195 | Lair:2   | Reached skill level 11 in Fighting
 14339 | Lair:3   | Found a staircase to the Swamp.
 14479 | Lair:3   | Received a gift from Okawaru
 15269 | Lair:4   | Found an ornate altar of the Wu Jian Council.
 15431 | Lair:4   | Identified the +7 flail of the Hills {freeze, Drain Int+5
                  | Stlth+} (Okawaru gifted it to you on level 4 of the Lair of
                  | Beasts)
 15431 | Lair:4   | Received a gift from Okawaru
 15779 | Lair:5   | Entered Level 5 of the Lair of Beasts
 15960 | Lair:4   | Identified the +0 buckler "Affuz" {*Slow Str+8} (Okawaru
                  | gifted it to you on level 4 of the Lair of Beasts)
 15960 | Lair:4   | Received a gift from Okawaru
 15961 | Lair:4   | Reached skill level 10 in Evocations
 16019 | Lair:5   | Found a staircase to the Slime Pits.
 16020 | Lair:5   | Found a viscous altar of Jiyva.
 16160 | Lair:5   | Reached skill level 5 in Armour
 16219 | Lair:4   | Reached XP level 14. HP: 79/79 MP: 21/21
 17135 | Orc:1    | Entered Level 1 of the Orcish Mines
 17406 | Orc:2    | Entered Level 2 of the Orcish Mines
 17457 | Orc:1    | Identified the +2 troll leather armour of the Arena {rPois
                  | Regen+ Str+2} (Okawaru gifted it to you on level 1 of the
                  | Orcish Mines)
 17457 | Orc:1    | Received a gift from Okawaru
 17458 | Orc:1    | Reached skill level 12 in Fighting
 17717 | Orc:2    | Found a staircase to the Elven Halls.
 17772 | Orc:2    | Noticed an orc warlord
 17791 | Orc:2    | Killed an orc warlord
 17792 | Orc:2    | Reached skill level 10 in Invocations
 17984 | Orc:1    | Found Ockosaol's Antique Weapon Shoppe.
 18123 | Orc:2    | Found Atwad's Antique Armour Emporium.
 18182 | Orc:2    | Found Adohom's General Store.
 18263 | Orc:2    | Found Foss's Jewellery Emporium.
 18271 | Orc:2    | Bought an amulet of regeneration for 450 gold pieces
 18318 | Orc:2    | Found Ympohilu's Antique Weapon Shop.
 18952 | D:12     | Found a runed translucent gate.
 18952 | D:12     | Found a runed translucent gate.
 18953 | D:12     | Found a runed translucent gate.
 18954 | D:12     | Noticed diceflayer's ghost (journeyman DsGl)
 18978 | D:12     | Noticed Sonja
 19102 | D:12     | Killed Sonja
 19145 | D:10     | Bought an Inescapable Atlas for 512 gold pieces
 19148 | D:10     | Learned a level 2 spell: Blink
 19435 | D:12     | Noticed Lodul
 19442 | D:12     | Reached skill level 1 in Spellcasting
 19445 | D:12     | Killed Lodul
 19561 | D:12     | Found the +1 robe of Vines {NoPotionHeal Regen++++}
 19775 | D:12     | Received a gift from Okawaru
 19776 | D:12     | Noticed Jorgrun
 19812 | D:12     | Killed Jorgrun
 19954 | D:13     | Noticed Rupert
 20030 | D:13     | Reached XP level 15. HP: 78/85 MP: 23/23
 20203 | D:13     | Reached skill level 5 in Translocations
 20265 | D:13     | Identified the +0 robe of Ujatipt {Regen+ Str+3}
 20391 | D:13     | Killed Rupert
 20397 | D:13     | Identified the +2 robe of the Hart {*Corrode rN+ Archmagi}
                  | (Okawaru gifted it to you on level 13 of the Dungeon)
 20397 | D:13     | Received a gift from Okawaru
 20417 | D:13     | Noticed Josephine
 20422 | D:13     | Killed Josephine
 20866 | D:14     | Got the Anthology of the Doomed Tundra
 21016 | D:13     | Reached skill level 13 in Fighting
 21065 | D:14     | Reached skill level 5 in Spellcasting
 21653 | D:14     | Found a gate to the Vaults.
 21679 | D:15     | Entered Level 15 of the Dungeon
 21679 | D:15     | Noticed Agnes
 21733 | D:15     | Found a frozen archway.
 21743 | IceCv    | Entered an ice cave
 21906 | IceCv    | Identified the +4 hat of Okawaru's Fury {+Blink rPois
                  | Str+2} (Okawaru gifted it to you in an ice cave)
 21906 | IceCv    | Received a gift from Okawaru
 22197 | IceCv    | Noticed an Ice Fiend
 22217 | IceCv    | Killed an Ice Fiend
 22256 | IceCv    | Found the +4 moon troll leather armour {Spirit, Regen++
                  | MP+5}
 22261 | IceCv    | Identified the ring "Lyath" {+Blink rF+ rC- rCorr}
 22510 | D:15     | Reached skill level 14 in Fighting
 22577 | D:15     | Reached XP level 16. HP: 77/93 MP: 16/24
 22643 | D:15     | Found a staircase to the Depths.
 22923 | D:15     | Noticed Kirke
 22932 | D:15     | Killed Kirke
 22970 | D:15     | Killed Agnes
 22971 | D:15     | Reached skill level 15 in Ranged Weapons
 23004 | D:15     | Identified the +8 sling of Lokesi {antimagic, rPois rC+
                  | rN++ Int+2} (Okawaru gifted it to you on level 15 of the
                  | Dungeon)
 23004 | D:15     | Received a gift from Okawaru
 23614 | Spider:1 | Entered Level 1 of the Spider Nest
 24577 | Spider:1 | Received a gift from Okawaru
 25220 | Spider:1 | Reached skill level 15 in Fighting
 25414 | Spider:1 | Identified the +0 chain mail "Tipala" {rN++ MP+9 Dex-3}
 25426 | Spider:1 | Acquired the +2 cloak "Nion" {Regen+}
 26021 | Spider:2 | Reached XP level 17. HP: 99/99 MP: 27/27
 26189 | Spider:2 | Received a gift from Okawaru
 27769 | Spider:3 | Identified the +3 arbalest of the Sun {elec, rN+ Will+
                  | SInv}
 27874 | Spider:4 | Entered Level 4 of the Spider Nest
 28089 | Spider:4 | Received a gift from Okawaru
 28471 | Spider:4 | Noticed Arachne
 28523 | Spider:4 | Killed Arachne
 28789 | Spider:4 | Received a gift from Okawaru
 28865 | Spider:4 | Got a gossamer rune of Zot
 29387 | Orc:2    | Bought a ring of flight for 262 gold pieces
 29566 | Swamp:1  | Entered Level 1 of the Swamp
 29746 | Swamp:1  | Identified the +3 short sword "Beetle's Regret" {venom, rN+
                  | Will+ Dex+2}
 29921 | Swamp:1  | Identified the +7 rapier of Prescription {protect, rF-
                  | rCorr Str-4 Int+7}
 29927 | Swamp:1  | Noticed Donald
 29931 | Swamp:1  | Killed Donald
 29992 | Swamp:1  | Reached skill level 16 in Fighting
 30348 | Swamp:2  | Reached XP level 18. HP: 105/105 MP: 28/28
 30439 | Swamp:2  | Reached skill level 15 in Dodging
 30511 | Swamp:2  | Learned a level 3 spell: Portal Projectile
 30720 | Swamp:2  | Reached skill level 1 in Hexes
 31419 | Swamp:4  | Entered Level 4 of the Swamp
 31771 | Swamp:4  | Received a gift from Okawaru
 32022 | Swamp:4  | Noticed a tentacled monstrosity
 32030 | Swamp:4  | Killed a tentacled monstrosity
 32516 | Swamp:4  | Got a decaying rune of Zot
 32788 | Elf:1    | Entered Level 1 of the Elven Halls
 32957 | Elf:1    | Reached skill level 5 in Hexes
 33088 | Elf:1    | Reached skill level 15 in Evocations
 33183 | Elf:1    | Found Qoil's Armour Shop.
 33187 | Elf:1    | Paralysed by an air elemental for 1 turns
 33523 | Elf:1    | Reached XP level 19. HP: 111/111 MP: 30/30
 33926 | Elf:2    | Found Femosez's Book Shop.
 34007 | Elf:2    | Received a gift from Okawaru
 34526 | Elf:2    | Found a runed translucent gate.
 34526 | Elf:2    | Found a runed translucent gate.
 34526 | Elf:2    | Found a runed translucent gate.
 34825 | Vaults:1 | Entered Level 1 of the Vaults
 34946 | Vaults:1 | Found a crumbling gateway.
 35053 | Desolati | Entered the Desolation of Salt
 35187 | Desolati | Received a gift from Okawaru
 35287 | Desolati | Reached skill level 17 in Fighting
 35320 | Desolati | Identified the ring of the Endless Emperors {rF+ MP+9
                  | Int+3}
 35325 | Desolati | Identified the staff of death "Plog" {Fragile rElec rPois
                  | rN+}
 35327 | Desolati | Got the Omnibus of the Discontinuous Shot
 35751 | Desolati | Got the Folio of Crystallized Oromancy
 35754 | Desolati | Got the Precepts of Mercurial Lava
 35800 | Desolati | Identified the +2 robe of the Fifty Moons {Str+3} (Okawaru
                  | gifted it to you in the Desolation of Salt)
 35800 | Desolati | Received a gift from Okawaru
 36915 | Vaults:1 | Reached XP level 20. HP: 119/119 MP: 31/31
 37042 | Vaults:1 | Identified the +1 robe of the Twenty Curses {Dex+8}
                  | (Okawaru gifted it to you on level 1 of the Vaults)
 37042 | Vaults:1 | Received a gift from Okawaru
 37398 | Vaults:1 | Acquired a manual of Translocations
 37668 | Vaults:2 | Reached skill level 18 in Fighting
 37835 | Vaults:2 | Reached skill level 10 in Armour
 38105 | Vaults:2 | Noticed Bai Suzhen
 38124 | Vaults:2 | Killed Bai Suzhen
 38494 | Arena    | Entered the Arena
 38526 | Vaults:2 | Identified the +1 robe of Sowaecy {rElec rN+ Int-2 Stlth+}
                  | (Okawaru gifted it to you on level 2 of the Vaults)
 38526 | Vaults:2 | Received a gift from Okawaru
 38675 | Vaults:2 | You fall into a shaft and drop 2 floors!
 38942 | Vaults:4 | Noticed Jory
 38949 | Vaults:4 | Killed Jory
 39272 | Vaults:4 | Found Gozag's Assorted Antiques.
 39450 | Vaults:4 | Found Gozag's Assorted Antiques.
 39452 | Vaults:4 | Found an opulent altar of Gozag.
 39461 | Vaults:4 | Found Gozag's Antique Weapon Shoppe.
 39545 | Vaults:3 | Reached skill level 19 in Fighting
 39552 | Vaults:3 | Noticed Margery
 39680 | Vaults:4 | Killed Margery
 39928 | Vaults:2 | Found Supaufiamne's Book Boutique.
 40086 | Vaults:2 | Received a gift from Okawaru
 40094 | Vaults:2 | Reached XP level 21. HP: 99/126 MP: 26/32
 40246 | Vaults:2 | Got the Vellum of Transportation
 40253 | Vaults:2 | Learned a level 2 spell: Lesser Beckoning
 40608 | Vaults:3 | Found a staircase to the Crypt.
 40688 | Vaults:3 | Identified the +4 robe "Zium" {rPois Will- rCorr Archmagi}
                  | (Okawaru gifted it to you on level 3 of the Vaults)
 40688 | Vaults:3 | Received a gift from Okawaru
 40692 | Vaults:3 | Reached skill level 20 in Fighting
 40985 | Vaults:3 | Noticed Mara
 40995 | Vaults:3 | Noticed NoMoreGames's illusion
 41006 | Vaults:3 | Killed Mara
 41852 | Vaults:3 | Received a gift from Okawaru
 42967 | Depths:1 | Entered Level 1 of the Depths
 43270 | Depths:1 | Identified the +0 robe "Bieriecs" {-Tele rCorr Dex+4 SInv}
 43456 | Depths:1 | Identified the +2 hat of the Greedy {rPois rF+ Int+5}
                  | (Okawaru gifted it to you on level 1 of the Depths)
 43456 | Depths:1 | Received a gift from Okawaru
 43485 | Depths:1 | Found a gateway to Hell.
 43665 | Depths:1 | Reached skill level 21 in Fighting
 43704 | Depths:1 | Reached XP level 22. HP: 135/135 MP: 33/33
 43853 | Depths:1 | Found a blossoming altar of Fedhas.
 44249 | Depths:1 | Found a bloodstained altar of Trog.
 44451 | Depths:1 | Found a one-way gate leading to the halls of Pandemonium.
 44570 | Depths:2 | Found a stormy altar of Qazlal.
 44763 | Depths:2 | Noticed a caustic shrike
 44773 | Depths:2 | Killed a caustic shrike
 45030 | Orc:2    | Bought 2 scrolls of enchant armour for 210 gold pieces
 45106 | D:11     | You paid a toll of +2 ice dragon scales to enter a treasure
                  | trove
 45107 | Trove    | Entered a treasure trove
 45118 | Trove    | Identified the amulet of Trepidation {Acrobat Fragile rF-
                  | rN++ Int+9}
 45138 | Trove    | Identified the ring "Poampyc" {rN+ rCorr SInv}
 45141 | Trove    | Identified the ring "Ybrurhu" {rN+ MP+9 Dex+2}
 45147 | Trove    | Identified the amulet of Seoraoge {Acrobat rPois rF- SInv}
 45153 | Trove    | Identified the ring of Veipiyfa {rPois rC+ rN+}
 45155 | Trove    | Identified the amulet "Erafust" {Acrobat Dex+8}
 45632 | Depths:2 | Identified the +3 ice dragon scales "Hepeodd" {rPois rF-
                  | rC++ Regen+ Int+6 Stlth+} (Okawaru gifted it to you on
                  | level 2 of the Depths)
 45632 | Depths:2 | Received a gift from Okawaru
 45783 | Depths:2 | Acquired 741 gold pieces
 46002 | Depths:2 | Acquired 1148 gold pieces
 46628 | Depths:2 | Identified the +8 broad axe of the Weak God {flame, Int+2}
 46666 | Depths:2 | Found a one-way gate to the infinite horrors of the Abyss.
 46812 | Depths:3 | Noticed a golden dragon
 46875 | Depths:3 | Found a one-way gateway to a ziggurat.
 47053 | Depths:3 | Reached skill level 22 in Fighting
 47117 | Depths:3 | Killed a golden dragon
 47572 | Depths:3 | Gained mutation: Your flesh is heat resistant. (rF+) [a
                  | neqoxec]
 47574 | Depths:3 | Acquired 877 gold pieces
 47576 | Depths:3 | Acquired 950 gold pieces
 47680 | Depths:3 | Identified the +6 dire flail of Fee Simple {heavy, *Corrode
                  | rPois rN+ Str+2}
 47724 | Depths:3 | Received a gift from Okawaru
 47790 | Depths:3 | Got the Almanac of Meteoric Vicissitude
 47817 | Depths:3 | Found a shimmering blue altar of Sif Muna.
 47880 | Depths:3 | Noticed an ancient lich
 47887 | Depths:3 | Noticed an ancient lich
 47893 | Depths:3 | Killed an ancient lich
 47900 | Depths:3 | Killed an ancient lich
 47969 | Depths:3 | Got the Guidebook on Doomed Forms
 47971 | Depths:3 | Got the Elucidation of Unfortunate Rallying
 48308 | Depths:3 | Found a shimmering altar of Xom.
 48696 | Depths:4 | Entered Level 4 of the Depths
 48702 | Depths:4 | Reached XP level 23. HP: 143/143 MP: 34/34
 48748 | Depths:4 | Paralysed by a floating eye for 4 turns
 48756 | Depths:3 | Paralysed by a floating eye for 4 turns
 49124 | Depths:4 | Reached skill level 23 in Fighting
 50144 | Depths:4 | Found a gate to the Realm of Zot.
 50458 | Elf:3    | Entered Level 3 of the Elven Halls
 50748 | Elf:3    | Identified the +8 hand crossbow "Dasup" {drain, rN+ Dex+3}
                  | (Okawaru gifted it to you on level 3 of the Elven Halls)
 50748 | Elf:3    | Received a gift from Okawaru
 50828 | Elf:2    | Found an ancient bone altar of Kikubaaqudgha.
 51124 | Elf:3    | Reached skill level 1 in Shields
 51207 | Elf:3    | Received a gift from Okawaru
 51368 | Elf:3    | Reached skill level 24 in Fighting
 51428 | Elf:3    | Found the +7 captain's cutlass {speed, disarm}
 51434 | Elf:3    | Identified the +8 shortbow of the Parsimonious God {drain,
                  | rElec rF++ Str-2 Dex+5}
 51447 | Elf:3    | Identified the +3 demon whip of Haivvieg {elec, Str+5}
 51529 | Elf:3    | Paralysed by an air elemental for 1 turns
 51683 | Elf:3    | Got the Directory of the Icicle and Destruction
 51729 | Elf:3    | Identified the +4 ring mail of the Vestibule of Hell {rF+
                  | Int+3}
 51730 | Elf:3    | Identified the +3 ring mail of the Armoured One {Will++}
 51748 | Elf:3    | Identified the +6 dire flail "Vileboclu" {speed, rF- Int+5}
 52415 | Vaults:5 | Entered Level 5 of the Vaults
 52438 | Vaults:5 | Noticed an ancient lich
 52507 | Vaults:5 | Reached skill level 5 in Shields
 52851 | Vaults:5 | Identified the ring "Kacuc" {rPois rF++ Will+ SInv}
 52972 | Vaults:5 | Reached XP level 24. HP: 151/151 MP: 30/34
 53102 | Vaults:5 | Identified the +10 storm dragon scales "Tutoo" {*Slow rElec
                  | Str+5} (Okawaru gifted it to you on level 5 of the Vaults)
 53102 | Vaults:5 | Received a gift from Okawaru
 53123 | Vaults:5 | Identified the +3 falchion "Jidoh" {drain, rElec rF+ Int+3
                  | Dex-4}
 53346 | Vaults:5 | Noticed a dread lich
 53358 | Vaults:5 | Killed a dread lich
 53364 | Vaults:5 | Identified the +11 spear of Discord {flame, rF+ rN++ rCorr
                  | Stlth+}
 53453 | Vaults:5 | Killed an ancient lich
 53479 | Vaults:5 | Identified the +3 ring mail of Time Monsters {rPois Str+2}
 53610 | Vaults:5 | Identified the -2 pair of gloves of the Lizard {rF+ Str+3
                  | Int+4}
 53708 | Vaults:5 | Reached skill level 10 in Shields
 54522 | Vaults:5 | Got the Commentary on Baneful Excavation
 54638 | Vaults:5 | Identified the staff of poison "Caseca" {rPois Str+5}
 54644 | Vaults:5 | Got a silver rune of Zot
 54713 | Vaults:5 | Identified the ring "Jueb" {+Blink rC+ Will+ Int+2}
 56246 | D:8      | Bought 2 potions of heal wounds for 310 gold pieces
 56279 | D:7      | Bought a potion of curing for 42 gold pieces
 56279 | D:7      | Bought a potion of curing for 42 gold pieces
 56279 | D:7      | Bought 2 potions of invisibility for 224 gold pieces
 56279 | D:7      | Bought a potion of magic for 112 gold pieces
 56279 | D:7      | Bought a potion of mutation for 112 gold pieces
 56517 | Zot:1    | Entered Level 1 of the Realm of Zot
 57176 | Zot:1    | Reached skill level 25 in Fighting
 57483 | Zot:1    | Received a gift from Okawaru
 57548 | Zot:1    | Noticed an orb of fire
 57555 | Zot:1    | Gained mutation: You do not regenerate when monsters are
                  | visible. [an orb of fire]
 57565 | Zot:1    | Killed an orb of fire
 57639 | Zot:1    | Lost mutation: You do not regenerate when monsters are
                  | visible. [potion of mutation]
 57639 | Zot:1    | Lost mutation: Your flesh is heat resistant. (rF+) [potion
                  | of mutation]
 57639 | Zot:1    | Gained mutation: You are frail. (-10% HP) [potion of
                  | mutation]
 57639 | Zot:1    | Gained mutation: You occasionally lose the ability to drink
                  | potions when taking damage. [potion of mutation]
 57640 | Zot:1    | Lost mutation: You are frail. (-10% HP) [potion of
                  | mutation]
 57640 | Zot:1    | Lost mutation: You occasionally lose the ability to drink
                  | potions when taking damage. [potion of mutation]
 57640 | Zot:1    | Gained mutation: You are clumsy. (Dex -2) [potion of
                  | mutation]
 58056 | Zot:2    | Found a transporter.
 58063 | Zot:2    | Found a transporter.
 58248 | Zot:2    | Found a transporter.
 58356 | Zot:2    | Found a transporter.
 58399 | Zot:2    | Noticed a Killer Klown
 58416 | Zot:2    | Killed a Killer Klown
 58417 | Zot:2    | Reached XP level 25. HP: 147/159 MP: 31/34
 58594 | Zot:2    | You fall into a shaft and drop 2 floors!
 58856 | Zot:3    | Received a gift from Okawaru
 59444 | Zot:3    | Reached skill level 26 in Fighting
 60002 | Zot:3    | Found a transporter.
 60551 | Zot:3    | Received a gift from Okawaru
 60912 | Zot:3    | Found a transporter.
 61064 | Zot:3    | Gained mutation: You are vulnerable to heat. (rF-)
                  | [mutagenic glow]
 61138 | Zot:3    | Lost mutation: You are clumsy. (Dex -2) [potion of
                  | mutation]
 61138 | Zot:3    | Lost mutation: You are vulnerable to heat. (rF-) [potion of
                  | mutation]
 61138 | Zot:3    | Gained mutation: You are vulnerable to heat. (rF-) [potion
                  | of mutation]
 61138 | Zot:3    | Gained mutation: You have a somewhat thin skeletal
                  | structure. (Dex +2, Stealth+) [potion of mutation]
 61138 | Zot:3    | Gained mutation: You are robust. (+10% HP) [potion of
                  | mutation]
 61139 | Zot:3    | Lost mutation: You are vulnerable to heat. (rF-) [potion of
                  | mutation]
 61139 | Zot:3    | Lost mutation: You have a somewhat thin skeletal structure.
                  | (Dex +2, Stealth+) [potion of mutation]
 61139 | Zot:3    | Gained mutation: You are partially covered in iridescent
                  | scales. (AC +2) [potion of mutation]
 61139 | Zot:3    | Gained mutation: You are somewhat resistant to further
                  | mutation. [potion of mutation]
 61224 | Zot:4    | Noticed an orb of fire
 61435 | Zot:4    | Found the +4 dragonskin cloak
 61435 | Zot:4    | Noticed Tiamat
 61475 | Arena    | Entered the Arena
 61499 | Arena    | Killed Tiamat
 62316 | Zot:4    | Reached skill level 27 in Fighting
 62343 | Zot:4    | Received a gift from Okawaru
 62540 | Zot:4    | Gained mutation: Your magical capacity is low. (-10% MP)
                  | [an orb of fire]
 62544 | Zot:4    | Killed an orb of fire
 62626 | Zot:4    | Found a glowing golden altar of the Shining One.
 63230 | Zot:4    | Reached XP level 26. HP: 185/185 MP: 31/31
 63453 | Zot:4    | Received a gift from Okawaru
 63453 | Zot:4    | Found the +3 robe of Clouds {*Thunder rCloud rElec}
 63833 | Zot:4    | Got Dereseph's Catalogue of the Zealot
 63869 | Zot:4    | Got the Cyclopedia of Fire and Brimstone
 64135 | Zot:5    | Entered Level 5 of the Realm of Zot
 64517 | Zot:5    | Noticed an ancient lich
 64536 | Zot:5    | Killed an ancient lich
 64714 | Zot:5    | Noticed an orb of fire
 65092 | Zot:5    | Noticed an ancient lich
 65101 | Zot:5    | Killed an ancient lich
 65132 | Zot:5    | Got the Orb of Zot
 65629 | D:11     | Noticed Yruvihiest the pandemonium lord
 65825 | D:$      | Escaped with the Orb!

Illustrated notes

Levels and vault maps discovered:
D:1:      heliophobic_arrival_ceremonial_halls, layout_loops_ring, minivault_27
D:2:      layout_basic
D:3:      layout_rooms, chequers_ecumenical_altar_simple_redux,
          hellmonk_ghost_happy_afterlife, uniq_ijyb, uniq_grinder
D:4:      layout_cave_pools, nicolae_elyvilon_temple_path, tso_altar,
          minmay_temple_entry_statues_pillars
D:5:      layout_loops_corners, minivault_24, nrook_mini_backslash,
          grunt_ministairs_15, nicolae_nh_oracle_at_delphi
D:6:      layout_cave_pools, mainiacjoe_overflow_catwalk_spiral,
          portal_sewer_entry_a, minmay_fire_ice_demons, uniq_eustachio,
          uniq_duvessa
D:7:      layout_basic, serial_shops, nicolae_stop_n_shop_2,
          hangedman_glass_teeth, minmay_misc_feat_nine_boxes,
          chequers_arboretum, minmay_misc_feat_more_columns,
          nicolae_lava_and_water, minmay_misc_feat_tower, minmay_manual_mares
D:8:      layout_cave_pools, nicolae_ossuary_entry_monument, serial_gnoll_camp,
          gnoll_camp_mini_basic, gnoll_camp_mini_shop, grums_kennel,
          gnoll_camp_medium_01
D:9:      layout_roguey, nicolae_uskayaw_dance_studio,
          mainiacjoe_overflow_alcove_3, serial_shops, nicolae_shop_mannequins,
          minmay_shop_damaged, uniq_amaemon
D:10:     layout_cave_pods, nicolae_wooded_promenade
D:11:     layout_cave_pods, dpeg_oklobed_lair, david_orc_5, enter_trove_0,
          uniq_maurice
D:12:     layout_cave_pods, gammafunk_ghost_split, uniq_sonja, uniq_lodul,
          uniq_jorgrun
D:13:     layout_loops_ring, uniq_josephine, uniq_rupert
D:14:     layout_rooms, david_vaults_1, grunt_potential
D:15:     gammafunk_depths_entry_grave, layout_loops_ring,
          portal_ice_cave_entry_pillars_2, uniq_kirke, uniq_agnes
Temple:   nicolae_temple_god_jail
Lair:1:   layout_cellular_growth, basic_altar,
          grunt_forest_small_clearing_treed, serial_bayou_shore_b,
          lemuel_fruit_tree, serial_bayou_shore_a, grunt_megastairs_3,
          uniq_nergalle
Lair:2:   layout_gridlike, spider_nest_entry_web_field
Lair:3:   layout_small_grid, swamp_mist, infiniplex_staircase_pool_2,
          grunt_megastairs_4
Lair:4:   layout_cave_pods, basic_altar, grunt_forest_stairs_clearing,
          lemuel_fruit_fields
Lair:5:   minmay_lair_end_frog_pond, layout_long_grid,
          nicolae_slime_entry_slimehenge, nicolae_lair_lil_pond
Swamp:1:  layout_falls_marsh, evilmike_swamp_ruin_wall, swamp_pool1,
          nicolae_swamp_bloodsuckers_inc, infiniplex_staircase_pool, uniq_donald
Swamp:2:  layout_basic_swamp, nicolae_swamp_well_well_well
Swamp:3:  layout_falls_marsh, evilmike_swamp_ruin_house_4
Swamp:4:  swamp_vile, layout_basic_swamp
Spider:1: spiders_nest_scorpion_pit, nicolae_spider_some_kinda_spiderbox
Spider:2: nicolae_spider_hilbert_zone_4 [nicolae_spider_hilbert_4_sides_2_open,
          nicolae_spider_hilbert_4_sides_1_open,
          nicolae_spider_hilbert_4_sides_1_open,
          nicolae_spider_hilbert_4_sides_1_open,
          nicolae_spider_hilbert_4_sides_1_open,
          nicolae_spider_hilbert_2_sides_1_open,
          nicolae_spider_hilbert_2_sides_1_open,
          nicolae_spider_hilbert_2_sides_1_open,
          nicolae_spider_hilbert_2_sides_1_open,
          nicolae_spider_hilbert_6_sides_1_open,
          nicolae_spider_hilbert_6_sides_1_open,
          nicolae_spider_hilbert_3_sides_1_open,
          nicolae_spider_hilbert_3_sides_1_open], nicolae_spider_swamp_cousins
Spider:3: layout_spider_delve
Spider:4: johnstein_spider_rune_arachne_lair
Orc:1:    layout_caves, serial_shops, nicolae_shop_waterfront
Orc:2:    grunt_orc_gardens, layout_caves, grunt_orc_garden, grunt_orc_garden,
          grunt_orc_garden, grunt_orc_garden
Elf:1:    eino_elf_arrival_customs, layout_rooms, serial_shops, shop,
          evilmike_minifort
Elf:2:    elven_hall_of_blades_hangedman_original [nicolae_blade_little_rooms],
          layout_onion_city, serial_shops, shop, lemuel_upstairs_altar
Elf:3:    grunt_elf_hall_branching, layout_gridlike, minmay_misc_feat_columns,
          minmay_fountain_box
Vaults:1: portal_desolation_entry_twin_temple, v_pattern_4, v_misc_30,
          nicolae_vaults_diagonal_hallway_9, nicolae_vaults_murderbox,
          vaults_room_semicircle, vaults_room_hallway, vaults_room_door_hall,
          nicolae_vaults_ring_of_whatevers, hangedman_vaults_capsules,
          hangedman_vaults_cutoff, nicolae_vaults_frosty_reception, v_misc_22,
          nicolae_vaults_little_squares_1, layout_vaults_ring
Vaults:2: grunt_vaults_diagonal, nicolae_vaults_diamond_2,
          dpeg_vaults_monster_row, hangedman_vaults_hat,
          nicolae_vaults_wrenched, nicolae_vaults_border_crossing,
          nicolae_vaults_library_corner, ontoclasm_vaults_pinch,
          ontoclasm_vaults_decontamination, v_misc_27, layout_vaults_big_room,
          serial_shops, shop, uniq_bai_suzhen
Vaults:3: grunt_vaults_funnel, v_rooms_6, nicolae_vaults_circle_grid_b,
          vaults_dpeg_emergency_exit, nicolae_vaults_meiosis,
          nicolae_vaults_turnstiles, v_misc_25,
          nicolae_vaults_closet_pinwheel_2, nicolae_vaults_specimen_jars,
          minmay_crypt_entry_simple_sparse, nicolae_vaults_shrinking_rooms_2,
          nicolae_vaults_tetromino_T_2, nicolae_vaults_meeting,
          nicolae_vaults_little_squares_1, ontoclasm_vaults_twist,
          layout_vaults_maze, uniq_mara, uniq_margery
Vaults:4: kennysheep_vaults_gozag_temple, nicolae_vaults_sesquioval_fish,
          vaults_dpeg_hooks, dpeg_vaults_monster_box, v_misc_24,
          hangedman_vaults_trim, nicolae_vaults_three_branches,
          vaults_room_semicircle, nicolae_vaults_little_squares_6,
          nicolae_vaults_alarming, layout_vaults_omnigrid, uniq_jory
Vaults:5
Depths:1: layout_long_grid, grunt_pan_entry_in_and_out, old_standard_altar,
          grunt_hell_entry_dis_mu, evilmike_spriggan_trog_shrine
Depths:2: minmay_four_inscribed_fans, layout_basic,
          nicolae_qazlal_scattered_showers, marbit_kobold_abyss_entry,
          pan_entry, hangedman_coc_ice_floe
Depths:3: evilmike_library_of_no_secrets, layout_gridlike, enter_ziggurat_d,
          hell_entry, abyss_entry, grunt_pan_entry_spiral, minmay_misc_feat_iff,
          drop_trap, xom_confusion_cloud, infiniplex_staircase_zigzag_2
Depths:4: grunt_zot_entry_gee_three, layout_cave_pools, hell_entry, pan_entry,
          serial_column_ruins, column_ruins_hut_water,
          column_ruins_courtyard_long, column_ruins_columns_straight,
          column_ruins_open_tiny, column_ruins_corridor_corner,
          column_ruins_columns_straight, column_ruins_open_small,
          column_ruins_grid_3
Zot:1:    lemuel_firehouse, layout_onion_interference
Zot:2:    layout_cathedral_of_symmetry, nicolae_transporter_intersection
Zot:3:    gammafunk_its_a_trap, layout_cathedral_of_symmetry
Zot:4:    nicolae_zot_draconian_monastery, layout_concentric_octagons,
          uniq_tiamat
Zot:5:    layout_gridlike

Skill      XL: |  1  2  3  4  5  6  7  8  9 10 11 12 13 14 15 16 17 18 19 20 21 22 23 24 25 26 |
---------------+-------------------------------------------------------------------------------+-----
Dodging        | 3 4 5 6 8 10 11 12 14 15 18 20 22 26 | 26.0
Stealth        | 2 3 4 5 7 10 11 12 | 12.0
Fighting       | 2 3 5 7 8 10 11 12 14 15 16 17 19 21 22 24 25 27 | 27.0
Ranged Weapons | 5 6 7 9 10 11 12 13 14 15 16 17 18 | 18.0
Evocations     | 2 3 5 8 10 12 13 15 | 15.0
Invocations    | 1 4 5 7 8 10 12 | 12.0
Translocations | 3 4 7 |  7.0
Armour         | 1 3 5 6 9 11 | 11.0
Spellcasting   | 2 5 7 |  7.0
Hexes          | 6 7 |  7.0
Shields        | 7 10 | 10.0
Throwing       | |  0.1

Action                     |  1- 3 |  4- 6 |  7- 9 | 10-12 | 13-15 | 16-18 | 19-21 | 22-24 | 25-27 || total
---------------------------+-------+-------+-------+-------+-------+-------+-------+-------+-------++-------
   Fire: Shortbow          |   103 |    85 |   498 |  1141 |   296 |       |       |       |       ||  2123
         Arbalest          |       |       |       |       |  1146 |  1754 |  1909 |   913 |       ||  5722
         Hand crossbow     |       |       |       |       |       |       |       |  1184 |  1239 ||  2423
   Cast: Blink             |       |       |       |       |       |     4 |     2 |     3 |     3 ||    12
         Portal Projectile |       |       |       |       |       |       |     4 |    10 |     7 ||    21
 Invoke: Heroism           |       |       |       |     1 |     2 |     4 |     5 |     4 |     4 ||    20
         Finesse           |       |       |       |       |     1 |       |     3 |     4 |     3 ||    11
         Duel              |       |       |       |       |       |       |     1 |       |     1 ||     2
  Evoke: Wand              |       |     5 |     5 |    16 |     8 |    11 |       |    17 |     7 ||    69
         Lightning rod     |       |       |       |       |       |     2 |     4 |     8 |     4 ||    18
         Condenser vane    |       |       |       |       |       |       |     2 |     2 |     1 ||     5
         Phial of floods   |       |       |       |       |       |       |     1 |     1 |     1 ||     3
    Use: Scroll            |     3 |    10 |     9 |    11 |     9 |     4 |     8 |    10 |     8 ||    72
         Potion            |       |     1 |     1 |       |     3 |     2 |     5 |     7 |    10 ||    29
 Armour: Robe              |     2 |     3 |    29 |    34 |       |       |       |       |       ||    68
         Troll leather arm |       |       |       |    67 |   117 |   254 |   198 |   135 |   107 ||   878
  Dodge: Dodged            |    26 |     2 |   135 |   601 |   921 |  1791 |  1887 |  1296 |  1011 ||  7670
  Block: Buckler           |       |       |       |       |       |       |       |   282 |   354 ||   636
